 Dungeon Crawl Stone Soup version 0.23-a0-586-gacb4b3f (webtiles) character file.

212 inc the Conjurer (level 5, 21/21 HPs)
             Began as a Felid Conjurer on Dec 18, 2018.
             Quit the game on level 4 of the Dungeon.
             The game lasted 00:05:51 (5053 turns).

inc the Conjurer (Felid Conjurer)                   Turns: 5053, Time: 00:05:52

Health: 21/21      AC:  2    Str:  4    XL:     5   Next: 58%
Magic:  13/13      EV: 18    Int: 19    God:
Gold:   158        SH:  0    Dex: 16    Spells: 10/13 levels left
                                        Lives:  0   Deaths: 1

rFire    . . .     SeeInvis +   (weapon unavailable)
rCold    . . .     Gourm    .   (shield unavailable)
rNeg     . . .     Faith    .   (armour unavailable)
rPois    +         Spirit   .   (helmet unavailable)
rElec    .         Reflect  .   (cloak unavailable)
rCorr    .         Harm     .   (gloves unavailable)
MR       +....                  (boots unavailable)
Stlth    +++.......             (no amulet)
HPRegen  0.07/turn              h - ring of protection from magic
MPRegen  0.13/turn              i - ring of poison resistance

@: quick
A: very small, no armour, no weapons or thrown items, stealth, claws 1, fangs 3,
see invisible, carnivore, speed 1, shaggy fur 2, slow metabolism 1, sharp paws
a: no special abilities


You were on level 4 of the Dungeon.
You were not hungry.

You visited 1 branch of the dungeon, and saw 4 of its levels.

You collected 158 gold pieces.

Inventory:

Jewellery
 h - a ring of protection from magic (left paw)
 i - a ring of poison resistance (right paw)
 j - an uncursed ring of protection from magic
 q - a +4 ring of slaying {unknown}
Scrolls
 a - a scroll of immolation {unknown}
 c - 2 scrolls of teleportation {unknown}
 d - 5 scrolls of identify {unknown}
 g - a scroll of fog {unknown}
 l - a scroll of fear {unknown}
 n - a scroll of enchant armour {unknown}
Potions
 e - a potion of mutation {unknown}
 f - a potion of heal wounds {unknown}
 k - 2 potions of curing {unknown}
 m - a potion of lignification {unknown}
 o - a potion of might {unknown}
 p - a potion of flight {unknown}
Comestibles
 b - 7 rations


   Skills:
 - Level 2.6 Dodging
 - Level 2.6 Stealth
 + Level 4.8 Spellcasting
 + Level 5.7 Conjurations


You had 10 spell levels left.
You knew the following spells:

 Your Spells              Type           Power        Failure   Level  Hunger
a - Magic Dart            Conj           ####         1%          1    None
b - Searing Ray           Conj           ####..       1%          2    #......

Your spell library contained the following spells:

 Spells                   Type           Power        Failure   Level  Hunger
 Dazzling Spray           Conj/Hex       ###...       12%         3    ##.....
 Iskenderun's Mystic Bla  Conj           ####....     12%         4    ####...
 Force Lance              Conj/Tloc      ###.....     36%         4    ####...
 Fulminant Prism          Conj/Hex       ###.......   36%         4    ####...


Dungeon Overview and Level Annotations

Branches:
Dungeon (4/15)
 Temple: D:4-7

Altars:
Nemelex Xobeh

Annotations:
D:4 Robin


Innate Abilities, Weirdness & Mutations

You cannot wear armour.
You are incapable of wielding weapons or throwing items.
Your paws allow you to move quietly. (Stealth)
You have sharp claws.
You have razor-sharp teeth.
You have supernaturally acute eyesight. (SInv)
You are carnivorous and can eat meat at any time.
You cover ground quickly.
You are covered in thick fur. (AC +2)
You have a slow metabolism.
Your sharp claws are effective at attacking unaware monsters.


Message History

The searing ray hits Robin.
Robin is almost dead.
Robin barely misses you.
The searing ray misses Robin.
You finish channeling your searing ray.
Robin hits you with a +2 short sword of flaming.
Robin burns you.
Robin hits you with a +2 short sword of flaming!
* * * LOW HITPOINT WARNING * * *
Robin burns you.
* * * LOW HITPOINT WARNING * * *
Unknown command.
A goblin comes into view. It is wielding a +0 club.
The goblin moves out of view.
A hobgoblin comes into view.
Robin throws the goblin at you!
You die...
The goblin misses you.
You are now level 5!
You rejoin the land of the living...
Are you sure you want to abandon this character and quit the game? (Confirm

.....# .....#
.....# .....#
...#.# # # ##.#.#
.#. ##.#.# #.#
##.#.# #.# .....#
#@# ##.##### #.#
.......# ..#
...###.#######...#
.....[............
...###.#######...#
#..# #.# #...#
##.# #.# #.### #.#
#.#


There were no monsters in sight!

Vanquished Creatures
  An ogre (D:4)
  A scorpion (D:2)
  2 orc wizards (D:3)
  An orc priest (D:3)
  7 adders
  2 oozes
  3 worms
  5 dart slugs
  4 leopard geckos
  3 orcs
  12 bats
  7 giant cockroaches
  7 goblins
  14 hobgoblins
  3 jackals (D:3)
  4 quokkas
  2 ball pythons
  5 frilled lizards
  11 kobolds
  9 rats
103 creatures vanquished.

Notes
Turn   | Place    | Note
-------+----------+-------------------------------------------
     0 | D:1      | inc the Felid Conjurer began the quest for the Orb.
     0 | D:1      | Reached XP level 1. HP: 7/7 MP: 4/4
   497 | D:1      | Reached XP level 2. HP: 11/11 MP: 0/6
   862 | D:1      | Reached skill level 4 in Conjurations
   943 | D:1      | Reached XP level 3. HP: 12/14 MP: 0/8
  1476 | D:2      | Noticed a scorpion
  1692 | D:2      | Learned a level 2 spell: Searing Ray
  2190 | D:2      | Reached XP level 4. HP: 13/18 MP: 1/9
  2763 | D:2      | Reached XP level 5. HP: 21/21 MP: 1/11
  3542 | D:3      | Found a sparkling altar of Nemelex Xobeh.
  3736 | D:3      | Reached skill level 5 in Conjurations
  4445 | D:3      | Gained mutation: You are covered in thick fur. (AC +2)
                  | [Felid growth]
  4445 | D:3      | Reached XP level 6. HP: 23/24 MP: 5/13
  4680 | D:3      | Found a faded altar of an unknown god.
  5036 | D:4      | Noticed Robin
  5047 | D:4      | HP: 1/24 [Robin/+2 short sword of flaming (4)]
  5052 | D:4      | Hit by a goblin thrown by Robin
  5053 | D:4      | Reached XP level 5. HP: 0/21 MP: 5/13
  5053 | D:4      | Quit the game

Vault maps used:
D:1:      nicolae_arrival_memento_mori
D:3:      nemelex_xobeh_ov_fountains_minmay, chequers_ecumenical_altar_island
D:4:      uniq_robin

Skill      XL: |  1  2  3  4  5 |
---------------+----------------+-----
Conjurations   | 4 5 |  5.7
Spellcasting   | 3 4 |  4.8
Dodging        | |  2.6
Stealth        | |  2.6

Action                   |  1- 3 |  4- 6 || total
-------------------------+-------+-------++-------
Melee: Unarmed           |       |     8 ||     8
       Bite              |       |     1 ||     1
 Cast: Magic Dart        |   105 |   121 ||   226
       Searing Ray       |       |    10 ||    10
  Eat: Chunk             |     3 |     5 ||     8
Armor: Skin              |     2 |       ||     2
Dodge: Dodged            |    17 |    30 ||    47

Table legend:
 A = Non-vault XP
 B = Vault XP
 C = Vault XP percentage of total XP
 D = Non-vault monster count
 E = Vault monster count
 F = Vault count percentage of total count
                 A         B        C        D         E       F
            +---------+---------+-------+---------+---------+-------
      Total |     581 |       6 |   1.0 |     100 |       3 |   2.9
            +---------+---------+-------+---------+---------+-------
        D:1 |      56 |       0 |   0.0 |      33 |       0 |   0.0
        D:2 |     149 |       0 |   0.0 |      27 |       0 |   0.0
        D:3 |     232 |       0 |   0.0 |      35 |       0 |   0.0
        D:4 |     144 |       6 |   4.0 |       5 |       3 |  37.5
            +---------+---------+-------+---------+---------+-------
